 Dungeon Crawl Stone Soup version 0.25.1-1-g288607f (webtiles) character file.

Game seed: 15348292034117790282

424 RonnieColeman the Conjurer (level 6, -1/36 HPs)
             Began as an Octopode Conjurer on Sept 29, 2020.
             Slain by a gnoll
             ... wielding a cursed -1 spear
              (7 damage)
             ... on level 4 of the Dungeon.
             The game lasted 00:06:32 (2584 turns).

RonnieColeman the Conjurer (Octopode Conjurer)      Turns: 2584, Time: 00:06:33

Health: -1/36      AC:  1    Str:  7    XL:     6   Next: 96%
Magic:  14/14      EV: 13    Int: 19    God:
Gold:   85         SH:  0    Dex: 13    Spells: 13/16 levels left

rFire    . . .     SeeInvis .   e - +2 flail (protect)
rCold    . . .     Gourm    .   (no shield)
rNeg     . . .     Faith    .   (helmet restricted)
rPois    .         Spirit   .   (no amulet)
rElec    .         Reflect  .   (no ring)
rCorr    .         Harm     .   (no ring)
MR       .....                  (no ring)
Stlth    +++.......             (no ring)
HPRegen  0.12/turn              (no ring)
MPRegen  0.14/turn              (no ring)
                                (no ring)
                                (no ring)

@: no status effects
A: almost no armour, stealthy swim, amphibious, 8 rings, constrict 8, camouflage
1, gelatinous body 1
a: no special abilities


You were on level 4 of the Dungeon.
You were hungry.

You visited 1 branch of the dungeon, and saw 4 of its levels.

You collected 85 gold pieces.

Inventory:

Hand Weapons
 e - a +2 flail of protection (weapon)
 n - a +2 dagger of venom
Scrolls
 h - 3 scrolls of random uselessness {unknown}
 i - a scroll of fear {unknown}
 j - a scroll of teleportation {unknown}
 k - a scroll of remove curse {unknown}
 l - 2 scrolls of identify {unknown}
Potions
 c - a potion of curing {unknown}
 d - a potion of degeneration {unknown}
 f - a potion of stabbing {unknown}
 g - a potion of haste {unknown}
 m - a potion of flight {unknown}
Comestibles
 b - 4 rations


   Skills:
 - Level 2.0 Dodging
 - Level 2.6 Stealth
 * Level 5.5 Spellcasting
 + Level 5.6 Conjurations


You had 13 spell levels left.
You knew the following spells:

 Your Spells              Type           Power        Failure   Level  Hunger
a - Magic Dart            Conj           ####         1%          1    None
b - Searing Ray           Conj           ####..       1%          2    None

Your spell library contained the following spells:

 Spells                   Type           Power        Failure   Level  Hunger
 Dazzling Flash           Conj/Hex       ###...       11%         3    ##.....
 Corona                   Hex            #......      12%         1    None
 Ensorcelled Hibernation  Hex/Ice        #.....       19%         2    None
 Confusing Touch          Hex            #.......     34%         3    ##.....
 Tukima's Dance           Hex            #.......     34%         3    ##.....
 Fulminant Prism          Conj/Hex       ###.......   36%         4    ####...
 Iskenderun's Mystic Bla  Conj/Tloc      ###.....     36%         4    ####...


Dungeon Overview and Level Annotations

Branches:
Dungeon (4/15)
 Temple: D:4-7

Altars:


Innate Abilities, Weirdness & Mutations

You cannot wear most types of armour.
You are very stealthy in the water. (Stealth+)
You are amphibious.
You can wear up to eight rings at the same time.
You can use your tentacles to constrict eight enemies at once.
Your skin changes colour to match your surroundings (Stealth+).
Your rubbery body absorbs attacks. (AC +1, EV +1)


Message History

You release your grip on the gnoll.
You feel sick.
You are no longer poisoned.
An orc wizard appears from thin air!
Reactivating autopickup.
The orc wizard gestures wildly while chanting.
The orc wizard flickers and vanishes!
Deactivating autopickup; reactivate with Ctrl-A.
Found 7 gold pieces.
You are feeling hungry.
A gnoll comes into view.
A gnoll and a gnoll shaman come into view.
The gnoll shouts! x2; You hear an angry hiss.
You hear a shout!
A gnoll comes into view. It is wielding a +0 flail.
An adder comes into view.
Found a metallic brown potion.
A worm comes into view.
The adder barely misses you. The adder closely misses you.
The gnoll hits you from afar with a cursed -1 spear!
You die...

.......<.....#.# #o#
.............#.# #.#
##############.#####{#
#....o.l.# #..###.....
#..# #..... #..###.....
##############..........
#......@g....#.#########
#.......S....#{#
#.......gg...#l#
#.......g.o..#.#
#.........g..#o#
#..........l.#g#
#.....w......#.#
............{..#
...........###


You could see a gnoll shaman, a worm, 4 gnolls, an adder, an orc and a frilled
lizard.

Vanquished Creatures
  Sigmund (D:2)
  An ice beast (D:3)
  Natasha (thrice) (D:2)
  Robin (D:2)
  3 adders (D:2)
  A leopard gecko (D:1)
  2 orcs
  A giant cockroach (D:1)
  17 goblins
  3 hobgoblins
  3 jackals
  6 bats
  2 frilled lizards
  4 kobolds
  7 rats
55 creatures vanquished.

Vanquished Creatures (others)
  A jackal (D:1)
1 creature vanquished.

Grand Total: 56 creatures vanquished

Notes
Turn   | Place    | Note
-------+----------+-------------------------------------------
     0 | D:1      | RonnieColeman the Octopode Conjurer began the quest for the
                  | Orb.
     0 | D:1      | Reached XP level 1. HP: 11/11 MP: 3/3
   214 | D:1      | Reached XP level 2. HP: 17/17 MP: 5/5
   972 | D:2      | Reached XP level 3. HP: 21/21 MP: 2/7
   976 | D:2      | Learned a level 2 spell: Searing Ray
  1198 | D:2      | Noticed Natasha
  1221 | D:2      | Killed Natasha
  1221 | D:2      | Reached XP level 4. HP: 23/27 MP: 1/9
  1255 | D:2      | Noticed Natasha
  1260 | D:2      | Killed Natasha
  1437 | D:2      | Noticed Natasha
  1443 | D:2      | Killed Natasha
  1443 | D:2      | Reached XP level 5. HP: 18/31 MP: 7/11
  1619 | D:2      | Noticed Robin
  1658 | D:2      | Killed Robin
  1921 | D:2      | Noticed Sigmund
  1929 | D:2      | Killed Sigmund
  1929 | D:2      | Reached skill level 5 in Spellcasting
  1929 | D:2      | Reached skill level 5 in Conjurations
  1929 | D:2      | Reached XP level 6. HP: 36/36 MP: 4/13
  2322 | D:3      | Noticed an ice beast
  2332 | D:3      | Killed an ice beast
  2584 | D:4      | Slain by a gnoll

Illustrated notes

Levels and vault maps discovered:
D:1:      eino_arrival_tree_alley, layout_basic, lemuel_flame_loot_1
D:2:      layout_basic, mrwooster_statue_mirror, uniq_robin, uniq_sigmund,
          uniq_natasha
D:3:      layout_basic, first_ration
D:4:      layout_basic, fedhas_bush_and_centaur_altar, grunt_ministairs_1

Skill      XL: |  1  2  3  4  5 |
---------------+----------------+-----
Spellcasting   | 3 4 5 |  5.5
Conjurations   | 5 |  5.6
Dodging        | |  2.0
Stealth        | |  2.6

Action                   |  1- 3 |  4- 6 || total
-------------------------+-------+-------++-------
Melee: Whip              |    13 |       ||    13
       Constrict         |    14 |     7 ||    21
       Tentacles         |    13 |     5 ||    18
       Dagger            |    50 |    18 ||    68
       Flail             |       |     9 ||     9
 Cast: Magic Dart        |     9 |     5 ||    14
       Searing Ray       |     2 |    10 ||    12
 Stab: Sleeping          |     9 |     3 ||    12
       Distracted        |     1 |       ||     1
  Eat: Chunk             |     1 |     4 ||     5
Armor: Skin              |     2 |     3 ||     5
Dodge: Dodged            |    43 |    21 ||    64
